 Dungeon Crawl Stone Soup version 0.30.0-13-g156ef70053 (webtiles) character file.

Game seed: 5496207732174742901

1090 SnakkuSnakku7 the Chopper (level 8, -1/46 HPs)
             Began as a Tengu Hexslinger on May 18, 2023.
             Slain by Edmund
             ... wielding a +3 dire flail of holy wrath
              (13 damage)
             ... on level 3 of the Dungeon.
             The game lasted 00:07:27 (3568 turns).

SnakkuSnakku7 the Chopper (Tengu Hexslinger)        Turns: 3568, Time: 00:07:28

Health: -1/46      AC: 14    Str: 12      XL:     8   Next: 31%
Magic:  10/10      EV:  2    Int: 14      God:
Gold:   154        SH: 10    Dex: 14 (15) Spells: 9/9 levels left

rFire   . . .        a - +1 hand axe
rCold   . . .        l - +0 kite shield
rNeg    . . .        r - +0 plate armour
rPois   .            (helmet restricted)
rElec   .            (no cloak)
rCorr   .            (no gloves)
SInv    .            (boots unavailable)
Will    .....        m - amulet of regeneration Stlth
                     t - +4 ring of protection
HPRegen 1.07/turn    (no ring)
MPRegen 0.12/turn

%: no passive effects
@: mighty, flying quickly and evasively, quick
A: beak, talons 3, nimble flight
a: no special abilities


You were on level 3 of the Dungeon.
You visited 1 branch of the dungeon, and saw 4 of its levels.
You also visited: Sewer.

You collected 154 gold pieces.

Inventory:

Hand Weapons
 a - a +1 hand axe (weapon)
 n - a +1 sling
Missiles
 d - 3 curare-tipped darts
 e - 11 poisoned darts
Armour
 c - a +0 robe
 l - a +0 kite shield (worn)
 r - a +0 plate armour (worn)
Jewellery
 m - an amulet of regeneration (around neck)
 t - a +4 ring of protection (left hand)
Scrolls
 b - a scroll of poison
 i - a scroll of fear
Potions
 f - a potion of resistance {unknown}
 g - a potion of invisibility
 h - a potion of attraction
 k - 2 potions of brilliance
 q - a potion of cancellation


   Skills:
 - Level 3.0 Fighting
 + Level 6.8 Axes
 - Level 2.1 Ranged Weapons
 - Level 2.1 Dodging
 + Level 6.2 Shields
 - Level 1.0 Spellcasting
 - Level 2.1 Hexes


You had 9 spell levels left.
You didn't know any spells.
Your spell library contained the following spells:

 Spells                   Type           Power      Damage    Failure   Level
 Slow                     Hex            24%        N/A       100%        1
 Blink                    Tloc           0%         N/A       100%        2
 Cigotuvi's Dreadful Rot  Necr/Pois/Air  0%         N/A       100%        2
 Lesser Beckoning         Tloc           0%         N/A       100%        2
 Momentum Strike          Conj/Tloc      0%         3d8       100%        2
 Sublimation of Blood     Necr           0%         N/A       100%        2
 Wereblood                Tmut           0%         N/A       100%        2
 Dazzling Flash           Conj/Hex       6%         N/A       100%        3
 Inner Flame              Hex/Fire       3%         N/A       100%        3
 Portal Projectile        Hex/Tloc       6%         N/A       100%        3
 Tukima's Dance           Hex            6%         N/A       100%        3
 Volatile Blastmotes      Fire/Tloc      0%         2d10      100%        3
 Cause Fear               Hex            3%         N/A       100%        4
 Dispel Undead            Necr           0%         3d6       100%        4
 Iskenderun's Mystic Bla  Conj/Tloc      0%         2d3       100%        4
 Passage of Golubria      Tloc           0%         N/A       100%        4
 Yara's Violent Unravell  Hex/Tmut       1%         3d3       100%        5
 Death Channel            Necr           0%         N/A       100%        6
 Starburst                Conj/Fire      0%         6d3       100%        6
 Summon Hydra             Summ           0%         N/A       100%        7


Dungeon Overview and Level Annotations

Branches:
Dungeon (4/15)              Sewer (visited)
 Temple: D:4-7

Altars:
Okawaru
Xom

Annotations:
D:3 Edmund


Innate Abilities, Weirdness & Mutations

You have a beak for a mouth.
You have claws for feet.
Your magical nature lets you fly swiftly and evasively.


Message History

a +0 dagger; a goblin corpse
k - 2 potions of brilliance (gained 1)
Items here: ) [[ †.
Okay, then.
m - an amulet of regeneration You start putting on your amulet.
You continue putting on your amulet of regeneration. x5
You finish putting on your amulet of regeneration.
The amulet cannot attune itself to your injured body.
m - an amulet of regeneration (around neck)
You start resting.
HP restored.
Your amulet attunes itself to your body as you begin to regenerate more quickly.
You now have 154 gold pieces (gained 13).
Items here: ) [[ †.
There is an open door here.
There is a stone staircase leading up here.
You fly upwards.
Level annotation: Edmund Edmund hits you with a +3 dire flail of holy wrath! x2
There is a stone staircase leading down, spattered with blood here.
You feel very mighty all of a sudden. You block Edmund's attack.
You slash Edmund!
Edmund is moderately wounded.
Edmund hits you with a +3 dire flail of holy wrath!
Unknown command.
You are too injured to fight recklessly!
You are too injured to fight recklessly!
You are too injured to fight recklessly!
You are too injured to fight recklessly!
You are too injured to fight recklessly!
You barely miss Edmund. You claw Edmund! Your peck misses Edmund.
Edmund is heavily wounded.
Edmund hits you with a +3 dire flail of holy wrath!
* * * LOW HITPOINT WARNING * * *
You hit Edmund but do no damage. Your kick misses Edmund. You peck Edmund.
Edmund is heavily wounded.
Edmund hits you with a +3 dire flail of holy wrath!
You die...

#..'≈§≈≈#....##.# #..........
#..#§8>≈#....##.# #######....
#..#≈_.≈#.......# #..........
##.#≈≈≈§#.......## #.######(#.
#.######........## #.# #.#.
#................###.######.#.
########....................#.
#.........#.#[.####.##.
#....@@........# #.##.
#.#.....#.###..# #.##.
#.##......# #..# #.##.
#######.#######.###.## #.##.
#.......# ##......# #.##.
#.####### #.......####.### #.#
#.##.##........< #.#
#.##.##..###.### #.#
#.##.##..# #.#


You could see Edmund.

Vanquished Creatures
  Sigmund (D:3)
  Eustachio (D:4)
  6 kobold brigands (Sewer)
  An orc priest (D:3)
  A hound (D:4)
  A sleepcap (D:4)
  An orc wizard (D:4)
  Natasha (thrice) (D:3)
  Robin (D:4)
  3 adders
  2 river rats
  An ufetubus (D:3)
  6 worms
  2 dart slugs
  7 orcs
  11 ball pythons
  3 endoplasms
  2 giant cockroaches (D:2)
  7 goblins
  8 hobgoblins
  8 jackals
  11 kobolds
  5 quokkas
  11 bats
  A frilled lizard (D:2)
  11 rats
115 creatures vanquished.

Notes
Turn   | Place    | Note
-------+----------+-------------------------------------------
     0 | D:1      | SnakkuSnakku7 the Tengu Hexslinger began the quest for the
                  | Orb.
     0 | D:1      | Reached XP level 1. HP: 12/12 MP: 3/3
    41 | D:1      | Found a faded altar of an unknown god.
    44 | D:1      | Reached XP level 2. HP: 17/17 MP: 4/4
   624 | D:2      | Reached XP level 3. HP: 20/22 MP: 5/5
  1032 | D:2      | Reached skill level 1 in Axes
  1041 | D:2      | Reached skill level 1 in Shields
  1291 | D:3      | Reached XP level 4. HP: 28/28 MP: 6/6
  1323 | D:3      | Noticed Sigmund
  1445 | D:3      | Killed Sigmund
  1446 | D:3      | Gained mutation: Your magical nature lets you fly swiftly
                  | and evasively. [Tengu growth]
  1446 | D:3      | Reached XP level 5. HP: 30/32 MP: 7/7
  1446 | D:3      | Reached XP level 6. HP: 34/37 MP: 8/8
  1758 | D:3      | Noticed Natasha
  1764 | D:3      | Killed Natasha
  1857 | D:3      | Noticed Natasha
  1867 | D:3      | Killed Natasha
  1934 | D:3      | Noticed Natasha
  1942 | D:3      | Killed Natasha
  1961 | D:3      | Found an iron altar of Okawaru.
  2192 | D:4      | Found a shimmering altar of Xom.
  2265 | D:4      | Noticed Robin
  2382 | D:4      | Noticed Eustachio
  2438 | D:4      | Killed Eustachio
  2439 | D:4      | Reached skill level 5 in Axes
  2439 | D:4      | Reached XP level 7. HP: 9/41 MP: 9/9
  2532 | D:4      | Noticed Edmund
  2590 | D:4      | Found a glowing drain.
  2641 | Sewer    | Entered a sewer
  2820 | Sewer    | Reached skill level 5 in Shields
  3011 | Sewer    | Reached XP level 8. HP: 44/46 MP: 10/10
  3425 | D:4      | Killed Robin
  3568 | D:3      | Slain by Edmund

Illustrated notes

Levels and vault maps discovered:
D:1:      spicycebolla_arrival_xxxplode, layout_loops_cross,
          basic_ecumenical_altar, minmay_heptomino_o4
D:2:      layout_rooms, minmay_misc_feat_chi, nicolae_underground_beach
D:3:      layout_loops_ring, general_overflow_altar, uniq_sigmund, uniq_natasha
D:4:      layout_basic, mainiacjoe_overflow_catwalk, elyvilon_altar_1,
          portal_sewer_entry_a, nicolae_kite_square_tiling_tiny, uniq_edmund,
          uniq_eustachio, uniq_robin

Skill      XL: |  1  2  3  4  5  6  7  8 |
---------------+-------------------------+-----
Fighting       | 2 3 |  3.0
Axes           | 1 3 5 6 |  6.8
Shields        | 1 3 4 5 6 |  6.2
Ranged Weapons | |  2.1
Dodging        | |  2.1
Spellcasting   | |  1.0
Hexes          | |  2.1

Action                     |  1- 3 |  4- 6 |  7- 9 || total
---------------------------+-------+-------+-------++-------
  Melee: Hand axe          |    46 |   126 |   164 ||   336
         Kick              |    11 |    42 |    44 ||    97
         Peck              |     4 |    17 |    25 ||    46
   Fire: Sling             |    73 |       |       ||    73
  Throw: Dart              |       |       |     1 ||     1
    Use: Scroll            |       |     3 |     7 ||    10
         Potion            |       |     8 |     1 ||     9
 Armour: Robe              |    10 |       |       ||    10
         Plate armour      |    40 |   143 |    86 ||   269
  Dodge: Dodged            |    47 |     9 |     7 ||    63
  Block: Kite shield       |     6 |    88 |    63 ||   157
